 Dungeon Crawl Stone Soup version 0.18-a0-1497-g788d838 (webtiles) character file.

207 Karasique the Chopper (level 5, -1/61 HPs)
             Began as a Demonspawn Berserker on Mar 4, 2016.
             Was a Believer of Trog.
             Slain by a slave (4 damage)
             ... led by Pikel
             ... on level 4 of the Dungeon.
             The game lasted 00:05:54 (3157 turns).

Karasique the Chopper (Demonspawn Berserker)        Turns: 3157, Time: 00:05:54

Health: -1/61      AC:  6    Str: 23    XL:     5   Next: 54%
Magic:  5/5        EV:  8    Int:  8    God:    Trog [**....]
Gold:   231        SH:  8    Dex: 13    Spells: 0 memorised, 4 levels left

rFire  + . .     SeeInvis .     a - +0 hand axe
rCold  x . .     Gourm    .     h - +1 ring mail
rNeg   . . .     Faith    .     j - +0 shield
rPois  .         Spirit   .     (helmet restricted)
rElec  .         Dismiss  .     (no cloak)
rCorr  .         Reflect  .     (no gloves)
SustAt .         Harm     .     (no boots)
MR     .....     Rnd*Tele +     (no amulet)
Stlth  ..........               o - ring of fire
                                k - ring of teleportation (curse)

@: berserking (expiring), very quick, not resistant to hostile enchantments,
extremely unstealthy
A: antennae 1, powered by pain 1
a: Berserk, Trog's Hand, Burn Spellbooks, Renounce Religion


You were on level 4 of the Dungeon.
You worshipped Trog.
Trog was pleased with you.
You were hungry.

You visited 1 branch of the dungeon, and saw 4 of its levels.

You collected 231 gold pieces.

Inventory:

Hand Weapons
 a - a +0 hand axe (weapon)
Armour
 h - a +1 ring mail (worn)
 j - a +0 shield (worn)
Jewellery
 k - a cursed ring of teleportation (left hand)
 o - a ring of fire (right hand)
Wands
 p - a wand of paralysis (8/24)
 r - a wand of lightning (5/15)
Scrolls
 b - a scroll of enchant armour
 i - 4 scrolls of identify
 l - a scroll of magic mapping
 m - a scroll of blinking
Potions
 e - 2 potions of curing
 f - a potion of resistance {unknown}
 n - a potion of lignification {unknown}
Comestibles
 c - 5 bread rations
 d - a slice of pizza
 g - a beef jerky


   Skills:
 - Level 3.0 Fighting
 + Level 5.7 Axes
 - Level 1.7 Armour
 - Level 1.7 Dodging


You had 4 spell levels left.
You didn't know any spells.

Dungeon Overview and Level Annotations

Branches:
Dungeon (4/15)
 Temple: D:4-7

Altars:
Elyvilon
Zin

Annotations:
D:4 Pikel


Innate Abilities, Weirdness & Mutations

You have a pair of small antennae on your head.
You sometimes gain a little power by taking damage.


Message History

Pikel is severely wounded.
Your shield prevents you from hitting the slave.
You slash the slave!
The slave is heavily wounded.
You barely miss the slave.
The slave is moderately wounded.
The slave hits you.
Pikel hits you with a whip of electrocution.
The slave barely misses you. The slave hits you.
You slash Pikel!
Pikel is almost dead.
You slash the slave!
The slave is moderately wounded.
You slash the slave!
The slave is severely wounded.
You barely miss the slave.
The slave is moderately wounded.
You block the slave's attack. Pikel barely misses you.
You block the slave's attack. The slave hits you.
You die...

.....#........#...#,,,,,,,*,,*,,,
.....#..###########,,,,,,,**+*,,,
#....#..##.##,*********,,,,,,,,,,
#....#......#,,,,,,,,,*,,,,,,,,,,
#....#......#,,,,,,,,,+,..,,,,,,,
+....#......#,,,,,,,,,*....,,,,,,
#....##################....,,,,,,
###............p..........#******
..#............K@.........#
..#............pp.........#
###.......................#
##################'#......#
...................'......#
...................#......#
##.######.###'###..#......#
##'######.###..##..#.....##
#..#........#..#...'.....#


You could see Pikel and 3 slaves.

Vanquished Creatures
  A slave (D:4)
  A wyvern zombie (D:4)
  An iguana (D:4)
  A worker ant (D:3)
  3 adders
  A worm (D:2)
  6 orcs
  5 bats
  A giant cockroach (D:1)
  7 goblins
  6 hobgoblins
  7 jackals
  A quokka (D:2)
  2 ball pythons
  2 giant newts
  9 kobolds
  10 rats
64 creatures vanquished.

Vanquished Creatures (others)
  A hobgoblin (D:3)
1 creature vanquished.

Grand Total: 65 creatures vanquished

Notes
Turn   | Place    | Note
--------------------------------------------------------------
     0 | D:1      | Karasique the Demonspawn Berserker began the quest for the Orb.
     0 | D:1      | Reached XP level 1. HP: 18/18 MP: 1/1
   124 | D:1      | Reached skill level 3 in Axes
   133 | D:1      | Gained mutation: You have a pair of small antennae on your head. [demonic ancestry]
   133 | D:1      | Reached XP level 2. HP: 24/24 MP: 2/2
   329 | D:1      | Reached ** piety under Trog
   665 | D:2      | Found a glowing silver altar of Zin.
   725 | D:2      | Gained mutation: You sometimes gain a little power by taking damage. [demonic ancestry]
   725 | D:2      | Reached XP level 3. HP: 27/29 MP: 3/3
  1241 | D:2      | Reached skill level 4 in Axes
  1729 | D:3      | Reached XP level 4. HP: 29/35 MP: 4/4
  1807 | D:3      | Found a white marble altar of Elyvilon.
  2439 | D:4      | Reached skill level 5 in Axes
  2541 | D:4      | HP: 1/35 [poisoned by an adder]
  2566 | D:4      | Reached XP level 5. HP: 5/41 MP: 5/5
  2833 | D:4      | Noticed a slave
  2834 | D:4      | Noticed Pikel
  2834 | D:4      | Noticed a slave
  2852 | D:4      | Killed a slave
  3144 | D:4      | Noticed a slave
  3145 | D:4      | Noticed a slave
  3156 | D:4      | HP: 3/61 [slave[Pikel] (3)]
  3157 | D:4      | Slain by a slave

Vault maps used:
D:1:      dpeg_arrival_arbitrary_b
D:2:      mumra_celtic_spiral_tile, nicolae_overflow_hidden_temple
D:3:      elyvilon_altar_4
D:4:      nicolae_overflow_crystal_walls, first_bread, uniq_pikel

Skill      XL: |  1  2  3  4 |
---------------+-------------+-----
Axes           | 3 4 5 |  5.7
Fighting       | |  3.0
Armour         | |  1.7
Dodging        | |  1.7

Action                   |  1- 3 |  4- 6 || total
-------------------------+-------+-------++-------
Melee: Hand axe          |   100 |   112 ||   212
Invok: Berserk           |     3 |     5 ||     8
       Trog's Hand       |       |     1 ||     1
  Use: Scroll            |       |     8 ||     8
  Eat: Chunk             |     4 |    10 ||    14
